 Dungeon Crawl Stone Soup version 0.01-2087-gb5e28fc70b (webtiles) character file.

Game seed: 3712215108676954003, levelgen mode: deterministic

42 funkygono the Firebug (level 3, -1/19 HPs) Gargoyle Fire Elementalist. Began on May 31, 2020. Slain by Duvessa ... wielding a cursed +4 short sword of protection {(Curse: MR-)} (9 damage) ... on level 2 of the Dungeon. The game lasted 00:03:00 (899 turns).

funkygono the Firebug (Gargoyle Fire Elementalist)   Turns: 899, Time: 00:03:02

Health: -1/19      AC:  7    Str: 11    XL:     3 ^: 22
Magic:  2/6        EV: 12    Int: 16    God:
Gold:   59         SH:  0    Dex: 10    Spells: 4/7 levels left

rFire    . . .     Vision   .   h - +0 club
rCold    . . .     Gourm    .   (no weapon)
rNeg     + . .     Faith    .   k - +0 leather armour
rPois    ∞         Spirit   .   (no helmet)
rElec    +         Reflect  .   (no cloak)
rCorr    .         Harm     .   (no gloves)
MR       .....                  e - +0 pair of boots
Stlth    ++........             (no amulet)
HPRegen  0.16/turn              (no ring)
MPRegen  0.16/turn              (no ring)

@: no status effects
A: negative energy resistance 1, electricity resistance, unbreathing,
petrification resistance, rot immunity, AC +3
a: no special abilities


You were on level 2 of the Dungeon.
You were not hungry.

You visited 1 branch of the dungeon, and saw 2 of its levels.

You collected 59 gold pieces.

Inventory:

Weapons
 h - a +0 club (weapon)
Armour
 a - a +0 robe
 e - a +0 pair of boots (worn)
 k - a +0 leather armour (worn)
Scrolls
 f - a scroll of enchantment
 g - 3 scrolls of teleportation
 i - 2 scrolls of blinking
 j - a scroll of fear
 l - a scroll of magic mapping
Potions
 d - a potion of haste
 m - 2 potions of mutation
Comestibles
 b - a chunk of flesh
 c - 3 rations


   Skills:
 + Level 0.2 Maces & Staves
 + Level 0.1 Armour
 + Level 1.8 Dodging
 + Level 2.6 Stealth
 + Level 2.6 Spellcasting
 + Level 3.5 Fire Magic


You had 4 spell levels left.
You knew the following spells:

 Your Spells              Type           Power        Failure   Level  Hunger
a - Foxfire               Fire           13 (25)      5%          1    #......
b - Searing Ray           Fire           13 (50)      8%          2    ##.....

Your spell library contained the following spells:

 Spells                   Type           Power        Failure   Level  Hunger
 Conjure Flame            Fire           13 (100)     16%         3    ###....
 Inner Flame              Hex/Fire       7 (100)      32%         3    ###....
 Sticky Flame             Fire/Pois      7 (100)      73%         4    #####..
 Fireball                 Fire           13 (200)     82%         5    ######.


Dungeon Overview and Level Annotations

Branches:
Dungeon (2/8)

Altars:

Annotations:
D:2 Dowan, Duvessa


Innate Abilities, Weirdness & Mutations

You are resistant to torment.
Your stone body is resilient. (AC +3)
You are immune to poison.
You resist negative energy. (rN+)
You are resistant to electric shocks. (rElec)
You can survive without breathing.
You are immune to petrification.
You are immune to rotting.


Message History

Dowan smirks and points a slender finger.
The searing ray hits Duvessa (3).
Duvessa is moderately wounded. (28/36) HP The searing ray hits Dowan (9)!
Dowan is moderately wounded. (14/23) HP You finish channeling your searing ray.
Duvessa hits you but does no damage.
Duvessa hits you with a cursed +4 short sword of protection {(Curse: MR-)} (5).
Duvessa hits you with a cursed +4 short sword of protection {(Curse: MR-)} (3).
You hit Duvessa (2).
Duvessa is moderately wounded. (26/36) HP You hit Duvessa but do no damage.
Duvessa is moderately wounded. (26/36) HP Duvessa hits you with a cursed +4 short sword of protection {(Curse: MR-)} (2).
You hit Duvessa (1).
Duvessa is moderately wounded. (26/36) HP You hit Duvessa but do no damage.
Duvessa is moderately wounded. (26/36) HP Duvessa hits you with a cursed +4 short sword of protection {(Curse: MR-)} (1).
Duvessa hits you with a cursed +4 short sword of protection {(Curse: MR-)} (9)!
You die...

# .# #.# #.# ...
.># #.# ### .r. #
#l# # #e# # #e# #
#@# # #.# #.#
##.# ##
###########..# .#
#........##.##
.####.##.#.#.##.#
......##.#.#.##.#
.#######.#......#


You could see Duvessa, Dowan, a frilled lizard and a rat.

Vanquished Creatures
  An adder (D:2)
  An ooze (D:1)
  A leopard gecko (D:1)
  5 bats (D:1)
  A giant cockroach (D:1)
  3 goblins (D:1)
  6 hobgoblins
  2 ball pythons (D:1)
  2 frilled lizards
  2 kobolds
  A rat (D:1)
25 creatures vanquished.

Vanquished Creatures (others)
  35 foxfires
35 creatures vanquished.

Grand Total: 60 creatures vanquished

Notes
Turn   | Place    | Note
-------+----------+-------------------------------------------
     0 | D:1      | funkygono the Gargoyle Fire Elementalist began the quest
                  | for the Orb.
     0 | D:1      | Reached XP level 1. HP: 10/10 MP: 3/3
   108 | D:1      | Reached XP level 2. HP: 15/15 MP: 3/5
   407 | D:1      | Reached XP level 3. HP: 19/19 MP: 4/6
   753 | D:1      | Learned a level 2 spell: Searing Ray
   891 | D:2      | Noticed Dowan
   892 | D:2      | Noticed Duvessa
   899 | D:2      | Slain by Duvessa

Levels and vault maps discovered:
D:1:      dpeg_arrival_chase, layout_basic
D:2:      layout_loops_cross, uniq_jessica, uniq_blork_the_orc, uniq_duvessa

Action                   || total
-------------------------++-------
Melee: Club              ||    24
       Unarmed           ||    20
 Cast: Foxfire           ||    24
       Searing Ray       ||     3
 Stab: Sleeping          ||     1
  Eat: Chunk             ||     1
Armor: Leather armour    ||     6
       Robe              ||     1
Dodge: Dodged            ||    19
